Unix NetHack Version 5.0.0-0 post-release - last build May 10 2026 23:12:36 (d1fa5d53e341ca933230fdaa984d921c805b60aa,branch:main).

Game began 2026-05-12 11:30:44, ended 2026-05-12 12:12:29.

Grufus, lawful female human Valkyrie

                                               ----
                                              --..|
                                              |<..--
                                              |h...|
                                              ||...|                        --
                                             --|...|                        .|
                                             |.)...---                    ...|
                                         -- --.@.....----               .....|
                                         |..............|             .......|
                                         -- --.^.....--.--          ........
                                             --.d....---.|        .....    ..|
                                              |.......|..------ ....`  ......
                                             --..........+..............-
                                             -.........................--
                                           ....------.---..........-----
                                          -----     --- ----.......-
                                                           -........-
                                                            .........|
                                                           .........--
                                                           .--.------
                                                          --  --
Grufus the Skirmisher       St:18/03 Dx:10 Co:17 In:7 Wi:10 Ch:9  Lawful
Dlvl:4  $:243 HP:0(47) Pw:16(16) AC:10 Xp:5 T:2738 

Latest messages:
 The dog misses the dwarf.
 The dwarf wields a dwarvish short sword!
 The dog misses the dwarf.
 The dog misses the dwarf.
 You miss the dwarf.
 The dwarf thrusts his dwarvish short sword.
 The dwarf hits!
 The dwarf wields an aklys!
 The dwarf secures the tether on the aklys.
 The dwarf throws an aklys!
 You are hit by an aklys!
 You die...
 But wait...
 Your medallion begins to glow!
 You feel much better!
 The medallion crumbles to dust!
 The aklys returns to the dwarf's hand!
 You survived that attempt on your life.
 The dwarf throws an aklys!
 You are hit by an aklys!
 The dwarf throws an aklys!
 You are hit by an aklys.
 The dwarf throws an aklys!
 An aklys misses you.
 The dwarf throws an aklys!
 You are hit by an aklys.
 The dog bites the gnome.
 The gnome is killed!
 Your dog eats a gnome corpse.
 The dwarf wields a dwarvish short sword!
 You miss the dwarf.
 You miss the dwarf.
 You miss the dwarf.
 The dwarf thrusts his dwarvish short sword.
 The dwarf hits!
 You miss the dwarf.
 The dwarf thrusts his dwarvish short sword.
 The dwarf hits!
 You miss the dwarf.
 The dwarf thrusts his dwarvish short sword.
 The dwarf hits!
 The dwarf wields an aklys!
 The dwarf secures the tether on the aklys.
 The grid bug falls into a pit!
 The grid bug is killed!
 The dwarf throws an aklys!
 You are hit by an aklys!
 You die...
 Do you want your possessions identified? [ynq] (y) y
 Do you want to see your attributes? [ynq] (y) q

Inventory:
 Coins    ('$')
  $ - 243 gold pieces
 Weapons  (')')
  K - a blessed +1 crossbow
  e - 11 +0 darts
  g - a +2 dwarvish mattock
  D - a +0 flail
  G - a +0 flail (weapon in right hand)
 Comestibles  ('%')
  H - an uncursed food ration
  C - an uncursed egg
 Spellbooks  ('+')
  I - an uncursed spellbook of force bolt
  z - an uncursed spellbook of protection
 Potions  ('!')
  A - a cursed potion of healing
  s - 2 uncursed potions of monster detection
  m - a cursed potion of monster detection
  n - 2 uncursed potions of object detection
  J - an uncursed potion of sleeping
  B - a blessed potion of speed
  x - an uncursed potion of water
 Tools    ('(')
  t - an empty uncursed sack
  v - a cursed bugle
  q - an uncursed mirror
 Gems/Stones  ('*')
  r - 2 uncursed amber stones
  y - an uncursed worthless piece of red glass

Grufus the Valkyrie's attributes:

Background:
 You were a Skirmisher, a level 5 human Valkyrie.
 You were lawful, on a mission for Tyr
 who was opposed by Odin (neutral) and Loki (chaotic).
 You were right-handed.
 You were in the Gnomish Mines, on level 4.
 You entered the dungeon 2738 turns ago.
 You had 182 experience points, 138 more were needed to attain level 6.

Basics:
 You had 0 out of 47 hit points.
 You had all 16 energy points (spell power).
 Your armor class was 10.
 Your wallet contained 243 zorkmids.
 Autopickup was off.

Final Characteristics:
 Your strength was 18/03 (limit:18/100).
 Your dexterity was 10 (limit:18).
 Your constitution was 17 (peak:18, limit:18).
 Your intelligence was 7 (limit:18).
 Your wisdom was 10 (limit:18).
 Your charisma was 9 (limit:18).

Final Status:
 You weren't hungry.
 You were unencumbered.
 You were wielding a flail.
 You had no skill with flail.
 You weren't wearing any armor.

Final Attributes:
 You were piously aligned.
 You were cold resistant.
 You were stealthy.
 You are dead (2nd time!).

Miscellaneous:
 You didn't encounter any bones levels.
 Total elapsed playing time was 41 minutes and 24 seconds.

Major events:
 Turn
    1: Grufus the lawful human Valkyrie entered the dungeon
  659: attained the rank of Skirmisher (level 3)
 2625: entered the Gnomish Mines
 2722: averted death (killed by an aklys)
 2738: killed by an aklys

Spells:
 Name                 Level Category     Fail Retention
 protection             1   clerical      60%  76%-100%

Skills:
 Fighting Skills
   bare handed combat [Unskilled]
   two weapon combat  [Unskilled]
   riding             [Unskilled]
 Weapon Skills
   dagger             [Basic]
   axe                [Unskilled]
   pick-axe           [Unskilled]
   short sword        [Unskilled]
   broadsword         [Unskilled]
   long sword         [Unskilled]
   two-handed sword   [Unskilled]
   saber              [Unskilled]
   hammer             [Unskilled]
   quarterstaff       [Unskilled]
   polearms           [Unskilled]
   spear              [Basic]
   trident            [Unskilled]
   lance              [Unskilled]
   sling              [Unskilled]
 Spellcasting Skills
   attack spells      [Unskilled]
   escape spells      [Unskilled]

Voluntary challenges:
 Character rerolling was not enabled.
 You never genocided any monsters.
 You never polymorphed an object.
 You never changed form.
 You used no wishes.
Achievements:
 You attained the rank of Skirmisher.
 You entered the Gnomish Mines.

 The Dungeons of Doom: levels 1 to 3
    Level 1:
       Many fountains, many trees.
    Level 2:
       Some fountains.
    Level 3:
       A fountain.
       Stairs down to The Gnomish Mines.
 The Gnomish Mines:
    Level 4: <- You were here.
       Final resting place for
          you, killed by an aklys.


Vanquished creatures:
  5 wood nymphs
  a gnome leader
  a gnomish wizard
  a floating eye
  a werejackal
  2 coyotes
  2 hobbits
  a large kobold
  a hobgoblin
  a giant rat
  a cave spider
  8 gnomes
  a gnome zombie
  a gecko
  4 jackals
  a fox
  3 goblins
  6 grid bugs
  4 bats
  4 lichens
  a kobold zombie
  6 newts
56 creatures vanquished.

No species were genocided or became extinct.

Game over:
                       ----------
                      /          \
                     /    REST    \
                    /      IN      \
                   /     PEACE      \
                  /                  \
                  |      Grufus      |
                  |      243 Au      |
                  |   killed by an   |
                  |      aklys       |
                  |                  |
                  |                  |
                  |       2026       |
                 *|     *  *  *      | *
        _________)/\\_//(\/(/\)/\//\/|_)_______

Farvel Grufus the Valkyrie...

You died in The Gnomish Mines on dungeon level 4 with 1127 points,
and 243 pieces of gold, after 2738 moves.
You were level 5 with a maximum of 47 hit points when you died.

